 Dungeon Crawl Stone Soup version 0.27-a0-343-gfcad680f63 (console) character file.

Game seed: 15408065654924180390

115436 mammut the Thaumaturge (level 16, -1/147 HPs)
             Began as a Palentonga Arcane Marksman on Feb 14, 2021.
             Was a High Priest of Vehumet.
             Slain by Agnes
             ... wielding a +3 spectral lajatang
              (19 damage)
             ... on level 1 of the Snake Pit on Feb 28, 2021.
             The game lasted 05:18:08 (49104 turns).

mammut the Thaumaturge (PaAM)                      Turns: 49104, Time: 05:18:08

Health: -1/147     AC: 21    Str: 16    XL:     16   Next: 18%
Magic:  6/32       EV: 11    Int: 27    God:    Vehumet [*****.]
Gold:   1019       SH:  5    Dex: 13    Spells: 4/39 levels left

rFire    . . .     SeeInvis +   a - +5 double sword (venom)
rCold    . . .     Faith    .   w - +0 buckler
rNeg     . . .     Spirit   .   C - +4 troll leather armour
rPois    +         Reflect  .   x - +0 helmet of Bialeigg {Str+3 Int+2}
rElec    .         Harm     .   (no cloak)
rCorr    .         Rampage  .   o - +2 pair of gloves
Will     +....                  (no barding)
Stlth    ++........             m - amulet of the acrobat
HPRegen  1.34/turn              g - +6 ring of intelligence
MPRegen  0.23/turn              Y - ring of flight

@: curled up
A: large, hooves 1, rugged brown scales 3, see invisible, deformed body, poison
resistance, screaming 1, roll 2, armoured tail, reflexive curl
a: Rolling Charge, Renounce Religion, Evoke Flight


You were on level 1 of the Snake Pit.
You worshipped Vehumet.
Vehumet was extremely pleased with you.
You visited 7 branches of the dungeon, and saw 27 of its levels.
You also visited: Bailey.

You collected 2715 gold pieces.
You spent 1696 gold pieces at shops.

Inventory:

Hand Weapons
 a - a +5 double sword of venom (weapon)
 b - a +4 hand crossbow of freezing
 d - a +3 long sword of freezing
 f - the +5 trident "Yvuwnah" {protect, *Corrode Str+3 Int+3 Dex+4 Stlth+}
   (You found it on level 2 of the Lair of Beasts)

   It grants its wielder temporary protection when it strikes (+7 to AC).
   It affects your strength (+3).
   It affects your intelligence (+3).
   It affects your dexterity (+4).
   It may corrode you when you take damage.
   It makes you more stealthy.
 E - a +2 scimitar of flaming
 R - the +9 scimitar of a Labyrinth {venom, MP-9 Int+6}
   (You found it on level 14 of the Dungeon)

   It poisons the flesh of those it strikes.
   It affects your intelligence (+6).
   It affects your magic capacity (-9).
 V - the +8 hand axe of Bosee {venom, rElec rF++, !f =f}
   (You found it on level 15 of the Dungeon)

   It poisons the flesh of those it strikes.
   It greatly protects you from fire.
   It insulates you from electricity.
 W - the +7 hand axe "Ultimatum" {vorpal, Str-4 Dex+9, !f =f}
   (You found it on level 15 of the Dungeon)

   It inflicts extra damage upon your enemies.
   It affects your strength (-4).
   It affects your dexterity (+9).
Missiles
 l - 64 poisoned darts
 q - 21 bolts
 U - 7 curare-tipped darts (quivered) {!*}
 X - 2 throwing nets
Armour
 o - a +2 pair of gloves (worn)
 w - a +0 buckler (worn)
 x - the +0 helmet of Bialeigg (worn) {Str+3 Int+2}
   (You found it on level 6 of the Lair of Beasts)

   It affects your strength (+3).
   It affects your intelligence (+2).
 C - a +4 troll leather armour (worn)
Magical Staves
 e - a staff of fire
 D - a staff of air
Jewellery
 g - a +6 ring of intelligence (left hand)
 m - an amulet of the acrobat (around neck)
 n - a ring of protection from cold
 Y - a ring of flight (right hand)
Wands
 c - a wand of paralysis (6)
 u - a wand of iceblast (8)
 z - a wand of charming (8)
 M - a wand of mindburst (2)
Scrolls
 i - 6 scrolls of teleportation
 j - a scroll of identify
 s - a scroll of blinking
 A - 3 scrolls of magic mapping
 G - 2 scrolls of fog
 I - 2 scrolls of fear
Potions
 p - 2 potions of flight
 v - 4 potions of curing
 H - 2 potions of lignification
 J - 5 potions of cancellation
 L - a potion of resistance
 N - 4 potions of heal wounds
 O - a potion of invisibility
 Q - 2 potions of haste
 S - 4 potions of magic


   Skills:
 - Level 11.4 Fighting
 - Level 2.0(4.2) Short Blades
 - Level 6.0(6.2) Long Blades
 - Level 4.0 Crossbows
 - Level 4.0 Armour
 - Level 4.0 Dodging
 - Level 5.1 Stealth
 - Level 7.1 Shields
 + Level 12.2 Spellcasting
 + Level 11.0 Conjurations
 - Level 3.0 Hexes
 - Level 4.0 Translocations
 - Level 3.9 Fire Magic
 - Level 7.0 Ice Magic
 - Level 7.0 Air Magic
 - Level 3.0 Earth Magic
 - Level 4.2 Poison Magic
 - Level 5.0 Evocations


You had 4 spell levels left.
You knew the following spells:

 Your Spells              Type           Power        Failure   Level
a - Stone Arrow           Conj/Erth      100%         1%          3
b - Corona                Hex            35%          1%          1
c - Freeze                Ice            100%         1%          1
d - Fireball              Conj/Fire      27%          1%          5
f - Conjure Flame         Conj/Fire      54%          1%          3
g - Shock                 Conj/Air       100%         1%          1
l - Freezing Cloud        Conj/Ice/Air   28%          5%          6
m - Mephitic Cloud        Conj/Pois/Air  54%          1%          3
s - Sticky Flame          Conj/Fire      54%          1%          4
P - Passage of Golubria   Tloc           N/A          8%          4
T - Olgreb's Toxic Radia  Pois           39%          1%          4

Your spell library contained the following spells:

 Spells                   Type           Power        Failure   Level
 Iron Shot                Conj/Erth      26%          10%         6
 Foxfire                  Conj/Fire      100%         1%          1
 Sandblast                Erth           64%          1%          1
 Sting                    Tmut/Pois      100%         1%          1
 Ensorcelled Hibernation  Hex/Ice        86%          1%          2
 Poisonous Vapours        Pois/Air       92%          1%          2
 Slow                     Hex            32%          1%          2
 Swiftness                Air            53%          1%          2
 Dazzling Flash           Conj/Hex       100%         1%          3
 Ignite Poison            Fire/Tmut/Pois 31%          1%          3
 Inner Flame              Hex/Fire       35%          1%          3
 Static Discharge         Conj/Air       60%          1%          3
 Airstrike                Air            26%          1%          4
 Gell's Gravitas          Tloc           19%          2%          3
 Passwall                 Tmut/Erth      20%          3%          2
 Confusing Touch          Hex            32%          3%          3
 Portal Projectile        Hex/Tloc       70%          3%          3
 Tukima's Dance           Hex            32%          3%          3
 Animate Skeleton         Necr           32%          4%          1
 Pain                     Necr           64%          4%          1
 Spider Form              Tmut/Pois      13%          4%          3
 Wereblood                Tmut           16%          6%          2
 Ice Form                 Ice/Tmut       35%          10%         4
 Vampiric Draining        Necr           8%           12%         3
 Cause Fear               Hex            16%          12%         4
 Leda's Liquefaction      Hex/Erth       16%          12%         4
 Petrify                  Tmut/Erth      24%          22%         4
 Animate Dead             Necr           8%           38%         4
 Lightning Bolt           Conj/Air       30%          1%          5
 Lee's Rapid Deconstruct  Erth           16%          9%          5
 Metabolic Englaciation   Hex/Ice        21%          14%         5
 Yara's Violent Unravell  Hex/Tmut       12%          16%         5
 Ozocubu's Refrigeration  Ice            26%          43%         7
 Agony                    Necr           16%          75%         5
 Dispersal                Tloc           19%          77%         6
 Simulacrum               Ice/Necr       17%          83%         6
 Invisibility             Hex            32%          88%         6
 Disjunction              Tloc           19%          100%        8


Dungeon Overview and Level Annotations

Branches:
Dungeon (15/15)            Temple (1/1) D:5            Lair (6/6) D:8
  Swamp (1/4) Lair:2        Snake (1/4) Lair:3        Slime (0/5) Lair:5
    Orc (2/2) D:12            Elf (0/3) Orc:2        Vaults (0/5) D:14
 Depths (1/5) D:15         Bailey (visited)

Altars:
Cheibriados
Dithmenos
Elyvilon
Fedhas
Gozag
Hepliaklqana
Kikubaaqudgha
Makhleb
Nemelex Xobeh
Okawaru
Qazlal
Ru
Sif Muna
Trog
Uskayaw
Vehumet
Wu Jian
Xom
Yredelemnul
Jiyva

Shops:
D:13 **:[   Orc:1 *   Orc:2 ?[(!

Annotations:
D:11 Harold
Snake:1 Agnes
Orc:2 exclusion: upstairs


Innate Abilities, Weirdness & Mutations

You are completely covered in rugged brown scales. (AC +3, +7% HP)
You have supernaturally acute eyesight. (SInv)
Armour fits poorly on your strangely shaped body.
You can roll at foes to attack.
You have a long armoured tail.
You curl defensively after being hit.
You have large cloven feet.
Your system is resistant to poisons. (rPois)
You occasionally shout uncontrollably at your foes.


Message History

You feel your power returning.
Agnes says, "It is my duty to kill you, but also my pleasure."
Agnes barely misses you.
You riposte.
You slash Agnes!
Agnes is poisoned.
Agnes is heavily wounded.
Your Conjurations skill increases to level 11!
You hit Agnes.
Agnes looks as sick as possible!
You kick Agnes.
Your tail-slap misses Agnes.
Agnes is heavily wounded.
Agnes burns! x2; Agnes stops burning.
The spectral weapon is engulfed in freezing vapours. x2
Agnes shares her spectral weapon's damage!
You block Agnes's attack. The spectral weapon hits you!
You hit Agnes.
Agnes looks as sick as possible!
You kick Agnes.
Agnes is severely wounded.
Agnes hits you with a +3 spectral lajatang!
The spectral weapon hits you! Agnes hits you but does no damage.
You block the spectral weapon's attack.
You miss Agnes. Your kick misses Agnes.
Agnes is severely wounded.
Agnes hits you with a +3 spectral lajatang!!
The spectral weapon hits you! Agnes barely misses you.
Casting: Sticky Flame (mildly dangerous; 1% risk of failure)
Confirm with . or Enter, or press ? or * to list all spells.
Aiming: Sticky Flame (mildly dangerous; 1% risk of failure)
Press: ? - help, Shift-Dir - straight line, f/p - Agnes
Aim: Agnes, wielding a +3 spectral lajatang and wearing a +0 robe (severely wounded, extremely poisoned, 0% to evade)
The sticky flame hits Agnes!
Agnes is almost dead.
Agnes is covered in liquid flames!
Agnes burns!
The spectral weapon hits you!!
Agnes hits you with a +3 spectral lajatang!!
* * * LOW HITPOINT WARNING * * *
The spectral weapon hits you.
* * * LOW HITPOINT WARNING * * *
You feel much better.
Agnes burns!
Agnes hits you with a +3 spectral lajatang!
* * * LOW HITPOINT WARNING * * *
The spectral weapon hits you!
* * * LOW HITPOINT WARNING * * *
Agnes hits you with a +3 spectral lajatang!!
You die...

........# .........
........### ##
..........####.##
##............#.###
..................##
#...............#
#...........?.#
###..<...#.._..##
.....§§§#.(.#......##
..(..°§###.......[..#
.#####§§.###.....##.#
#####.@.○.........# #
#.....i(..###.....##
......☼.§§###.#.....#
.....##§§§#...#......#
..... ##§#§.###....#.#
#### ..##...##....#.#
##. #..#......#.. ..
#.......##. .. ...
........# .# ..
.............# ## ..i
.###.....# .. (....#


You could see Agnes (burning, extremely poisoned) and a +3 spectral lajatang
(summoned).

Vanquished Creatures
  Rupert (Orc:2)
  A fire giant (D:15)
  A fire dragon (Lair:6)
  Josephine (Lair:6)
  An ice dragon (D:14)
  Erolcha (D:11)
  2 boulder beetles
  7 centaur warriors
  7 hydras
  A catoblepas (Lair:4)
  Erica (D:11)
  2 ogre magi (Orc:2)
  2 anacondas
  10 death yaks
  13 two-headed ogres
  Urug (Lair:5)
  Sonja (Lair:3)
  A deep elf knight (D:9)
  2 deep trolls (Orc:2)
  A swamp dragon (Lair:6)
  Pikel (D:6)
  A phantasmal warrior (D:14)
  2 wizards
  8 orc knights
  6 orc sorcerers
  A faun (shapeshifter) (D:13)
  3 deep elf pyromancers
  2 oklob plants (Lair:2)
  4 cyclopes
  2 manticores
  6 ugly things
  A salamander (Snake:1)
  6 black mambas
  4 elephants (Lair:5)
  An ice statue (D:13)
  4 cane toads
  2 torpor snails (Lair:5)
  Psyche (D:12)
  2 kobold demonologists
  7 rime drakes
  An efreet (D:14)
  A freezing wraith (D:9)
  An ice devil (D:13)
  2 tengu conjurers (D:15)
  7 komodo dragons
  A meliai (shapeshifter) (D:14)
  19 trolls
  17 polar bears
  A hornet (D:14)
  3 raiju (Lair:6)
  A harpy skeleton (D:15)
  11 blink frogs
  7 dream sheep
  A slime creature (D:12)
  A redback (D:12)
  6 wyverns
  10 wraiths
  39 yaks
  A hog (Lair:6)
  6 basilisks
  A steam dragon (Lair:6)
  Menkaure (D:5)
  7 wargs
  4 acid dragons
  A vampire mosquito (D:12)
  A soldier ant (D:12)
  4 nagas
  14 hell hounds (Lair:6)
  17 water moccasins
  A floating eye (shapeshifter) (D:14)
  Duvessa (D:5)
  A meliai simulacrum (D:12)
  A swamp drake (Lair:6)
  2 sky beasts (D:8)
  30 orc warriors
  23 ogres
  16 ice beasts
  20 black bears
  25 wolves
  2 eyes of draining
  A boggart (D:9)
  2 centaurs
  4 lemures (D:8)
  2 phantoms
  6 kobold brigands
  Blork the orc (D:5)
  13 bullfrogs
  A wyvern zombie (D:8)
  3 scorpions
  A water moccasin skeleton (D:9)
  Dowan (D:5)
  4 killer bees (D:9)
  12 wights
  3 howler monkeys
  An electric eel (Lair:6)
  A crimson imp (D:9)
  2 centaur zombies
  11 orc priests
  3 bullfrog skeletons
  11 hounds
  An iron imp (D:6)
  3 jellies
  Natasha (thrice) (D:3)
  6 centaur skeletons
  Jessica (D:2)
  7 worker ants
  12 iguanas
  17 orc wizards
  A hound zombie (D:9)
  2 hound skeletons
  A howler monkey zombie (D:7)
  4 gnolls (D:6)
  8 adders
  A shadow imp (D:6)
  5 white imps
  An ooze (D:3)
  An adder zombie (D:5)
  An adder skeleton (D:9)
  4 worms
  4 dart slugs
  8 leopard geckos
  101 orcs
  7 bats
  5 giant cockroaches
  7 goblins
  3 hobgoblins
  6 jackals
  8 quokkas
  A ball python (D:1)
  2 frilled lizards
  18 kobolds
  A quokka skeleton (D:5)
  2 rats
  A bush (Lair:5)
765 creatures vanquished.

Vanquished Creatures (collateral kills)
  Kirke (Lair:6)
  A black mamba (Lair:6)
  A basilisk (Lair:2)
3 creatures vanquished.

Vanquished Creatures (others)
  2 humans (Lair:6)
  An iguana (Lair:6)
  5 bushes (Lair:5)
  55 fungi
  115 plants
178 creatures vanquished.

Grand Total: 946 creatures vanquished

Notes
Turn   | Place    | Note
-------+----------+-------------------------------------------
     0 | D:1      | mammut the Palentonga Arcane Marksman began the quest for
                  | the Orb.
     0 | D:1      | Reached XP level 1. HP: 17/17 MP: 2/2
   257 | D:1      | Reached XP level 2. HP: 20/24 MP: 3/3
   796 | D:2      | Found a shadowy altar of Dithmenos.
  1071 | D:2      | Found a snail-covered altar of Cheibriados.
  1162 | D:2      | Reached XP level 3. HP: 29/29 MP: 5/5
  1410 | D:2      | Noticed Jessica
  1413 | D:2      | Killed Jessica
  1599 | D:2      | Reached skill level 1 in Stealth
  1625 | D:2      | Reached skill level 1 in Armour
  1625 | D:2      | Reached XP level 4. HP: 22/38 MP: 6/6
  1922 | D:2      | Found a shimmering altar of Xom.
  2418 | D:3      | Found an ornate altar of the Wu Jian Council.
  2762 | D:3      | Noticed Natasha
  2785 | D:3      | Killed Natasha
  2860 | D:3      | Reached XP level 5. HP: 34/43 MP: 7/7
  2943 | D:3      | Found a basalt altar of Yredelemnul.
  3209 | D:3      | Noticed Natasha
  3248 | D:3      | Killed Natasha
  3249 | D:3      | Reached skill level 2 in Spellcasting
  3339 | D:3      | Found a sparkling altar of Nemelex Xobeh.
  3474 | D:4      | Noticed a phantom
  3504 | D:3      | Noticed Natasha
  3517 | D:3      | Killed Natasha
  3641 | D:5      | Entered Level 5 of the Dungeon
  3641 | D:5      | Noticed Duvessa
  3641 | D:5      | Noticed Dowan
  4206 | D:4      | Reached XP level 6. HP: 51/53 MP: 9/9
  4249 | D:4      | Found an opulent altar of Gozag.
  4477 | D:4      | Learned a level 3 spell: Stone Arrow
  4552 | D:4      | Reached skill level 1 in Shields
  4596 | D:5      | Reached skill level 1 in Short Blades
  5454 | D:5      | Noticed Menkaure
  5470 | D:6      | Gained mutation: You curl defensively after being hit.
                  | [Palentonga growth]
  5470 | D:6      | Reached XP level 7. HP: 58/59 MP: 10/10
  5504 | D:6      | Reached skill level 1 in Conjurations
  5958 | D:5      | Found a staircase to the Ecumenical Temple.
  5969 | Temple   | Entered the Ecumenical Temple
  6125 | Temple   | Became a worshipper of Vehumet
  6229 | D:6      | Identified the ring of Eqass {*Corrode AC+4 Str+6}
  6395 | D:6      | Reached skill level 3 in Spellcasting
  6589 | D:5      | Noticed Blork the orc
  6599 | D:5      | Reached XP level 8. HP: 62/67 MP: 9/12
  6608 | D:5      | Killed Blork the orc
  6721 | D:5      | Found a shimmering blue altar of Sif Muna.
  6733 | D:5      | Reached skill level 7 in Spellcasting
  6733 | D:5      | Reached XP level 9. HP: 42/74 MP: 9/19
  6738 | D:5      | Reached XP level 10. HP: 40/98 MP: 7/20
  6739 | D:5      | Reached skill level 9 in Spellcasting
  6739 | D:5      | Reached XP level 11. HP: 41/105 MP: 8/24
  7167 | D:5      | Found a hazy altar of Hepliaklqana.
  7369 | D:5      | Killed Dowan
  7378 | D:5      | Killed Duvessa
  8012 | D:6      | Reached * piety under Vehumet
  8012 | D:6      | Offered knowledge of Freeze by Vehumet.
  8015 | D:6      | Learned a level 1 spell: Freeze
  8426 | D:6      | Found a snail-covered altar of Cheibriados.
  8497 | D:7      | Found a stormy altar of Qazlal.
  9913 | D:8      | Noticed a two-headed ogre
 10546 | D:8      | Reached skill level 1 in Earth Magic
 11256 | D:8      | Noticed Pikel
 12962 | D:8      | Found a staircase to the Lair.
 13441 | Lair:1   | Entered Level 1 of the Lair of Beasts
 14940 | Lair:2   | Noticed a boulder beetle
 15088 | Lair:1   | Reached skill level 1 in Long Blades
 15514 | D:10     | Entered Level 10 of the Dungeon
 15551 | D:9      | Reached skill level 5 in Stealth
 15554 | D:9      | Noticed a centaur warrior
 15567 | D:9      | Killed a centaur warrior
 15847 | D:9      | Reached skill level 5 in Evocations
 15915 | D:9      | Noticed a boulder beetle
 16267 | D:9      | Found a burning altar of Makhleb.
 16425 | D:9      | Noticed a five-headed hydra
 16621 | D:9      | Reached ** piety under Vehumet
 16647 | D:9      | Found a hazy altar of Hepliaklqana.
 16776 | D:9      | Offered knowledge of Shock by Vehumet.
 16784 | D:9      | Learned a level 1 spell: Shock
 17137 | D:9      | Noticed a centaur warrior
 17157 | D:9      | Killed a centaur warrior
 18066 | D:10     | Reached XP level 12. HP: 88/113 MP: 25/25
 18266 | D:10     | Reached skill level 1 in Ice Magic
 18448 | D:10     | Reached skill level 1 in Air Magic
 19072 | D:11     | Noticed Erolcha
 19416 | D:11     | Noticed a two-headed ogre
 19961 | D:11     | Killed a two-headed ogre
 20165 | D:11     | Noticed Harold
 20492 | D:9      | Gained mutation: Your mind is acute. (Int +2) [potion of
                  | mutation]
 20492 | D:9      | Gained mutation: You have a pair of small horns on your
                  | head. [potion of mutation]
 20899 | D:12     | Found a flagged portal.
 20912 | Bailey   | Entered a bailey
 21308 | Bailey   | Offered knowledge of Mephitic Cloud by Vehumet.
 21318 | Bailey   | Learned a level 3 spell: Mephitic Cloud
 21680 | Bailey   | Reached *** piety under Vehumet
 21681 | Bailey   | Reached skill level 10 in Fighting
 22380 | D:12     | Reached skill level 1 in Poison Magic
 23132 | Lair:2   | Reached skill level 5 in Shields
 23754 | Lair:2   | Offered knowledge of Olgreb's Toxic Radiance by Vehumet.
 23766 | Lair:1   | Learned a level 4 spell: Olgreb's Toxic Radiance
 24238 | Lair:2   | Killed a boulder beetle
 24897 | Lair:2   | Got a smouldering trident
 24898 | Lair:2   | Identified the +5 trident "Yvuwnah" {protect, *Corrode
                  | Str+3 Int+3 Dex+4 Stlth+} (You found it on level 2 of the
                  | Lair of Beasts)
 25139 | Lair:3   | Noticed a six-headed hydra
 25347 | Lair:2   | Found a staircase to the Swamp.
 25354 | Swamp:1  | Entered Level 1 of the Swamp
 25354 | Swamp:1  | Noticed a bunyip
 25354 | Swamp:1  | Noticed a ghost crab
 25725 | Lair:2   | Reached XP level 13. HP: 111/120 MP: 24/26
 25887 | Lair:3   | Found a staircase to the Snake Pit.
 26288 | Lair:3   | Reached **** piety under Vehumet
 26396 | Lair:3   | Noticed Sonja
 26403 | Lair:3   | Killed Sonja
 26961 | Lair:3   | Offered knowledge of Conjure Flame by Vehumet.
 27026 | Lair:3   | Learned a level 3 spell: Conjure Flame
 27476 | Lair:4   | Got a translucent scale mail
 28563 | D:6      | Killed Pikel
 28582 | D:5      | Killed Menkaure
 29505 | Lair:4   | You fall into a shaft and drop 2 floors!
 29505 | Lair:6   | Entered Level 6 of the Lair of Beasts
 30470 | Lair:4   | Reached skill level 10 in Spellcasting
 30836 | Lair:5   | Noticed Urug
 30862 | Lair:5   | Killed Urug
 31276 | Lair:5   | Identified the +0 scale mail "Gele" {-Cast Str+6} (You
                  | found it on level 4 of the Lair of Beasts)
 32760 | Lair:5   | Reached XP level 14. HP: 116/130 MP: 18/28
 34376 | Lair:5   | Got a slimy plate armour
 34387 | Lair:5   | Identified the +1 plate armour "Qemonero" {+Fly rCorr Str+8
                  | Dex-3} (You found it on level 5 of the Lair of Beasts)
 34407 | Lair:5   | Found a staircase to the Slime Pits.
 34556 | Lair:5   | Found a viscous altar of Jiyva.
 34678 | Lair:6   | Noticed Josephine
 34712 | Lair:5   | Learned a level 4 spell: Sticky Flame
 34718 | Lair:5   | Learned a level 5 spell: Fireball
 34723 | Lair:5   | Learned a level 4 spell: Passage of Golubria
 35149 | Lair:6   | Reached skill level 1 in Translocations
 35158 | Lair:6   | Reached skill level 1 in Fire Magic
 35316 | Lair:6   | Reached skill level 5 in Long Blades
 35686 | Lair:6   | Killed Josephine
 36150 | Lair:6   | Noticed Kirke
 36229 | Lair:6   | Killed Kirke
 37941 | D:11     | Killed Erolcha
 38214 | D:11     | Noticed Erica
 38220 | D:11     | Killed Erica
 38869 | D:12     | Noticed Psyche
 38906 | D:12     | Killed Psyche
 39366 | D:12     | Reached ***** piety under Vehumet
 39383 | D:12     | Identified the Papyrus of Contamination and Transmigration
 39618 | D:12     | Offered knowledge of Iskenderun's Battlesphere by Vehumet.
 40620 | D:12     | Found a staircase to the Orcish Mines.
 40863 | Orc:1    | Entered Level 1 of the Orcish Mines
 40863 | Orc:1    | Found Lep Irchurph's General Store.
 40879 | Orc:1    | Reached XP level 15. HP: 131/139 MP: 6/29
 41064 | Orc:2    | Entered Level 2 of the Orcish Mines
 41106 | Orc:2    | Noticed Rupert
 41216 | Orc:1    | Bought a book of Ice for 1170 gold pieces
 41216 | Orc:1    | Bought a scroll of identify for 36 gold pieces
 41223 | Orc:1    | Learned a level 6 spell: Freezing Cloud
 42155 | Lair:6   | Reached skill level 11 in Spellcasting
 42595 | Lair:6   | Reached skill level 5 in Ice Magic
 42641 | Lair:6   | Reached skill level 5 in Air Magic
 42976 | Lair:6   | Offered knowledge of Airstrike by Vehumet.
 43531 | Lair:6   | Got a steaming helmet
 43897 | Orc:2    | Killed Rupert
 44015 | Orc:2    | Found a staircase to the Elven Halls.
 44099 | Orc:2    | Found Giongaf's Magic Scroll Shoppe.
 45149 | Orc:2    | Reached skill level 10 in Conjurations
 45452 | Orc:2    | Paralysed by an ogre mage for 6 turns
 45613 | Orc:2    | Found Amasax's Antique Armour Boutique.
 45614 | Orc:2    | Found Kiomoelo's Antique Weapon Boutique.
 45619 | Orc:2    | Found Ystrisie's Distillery.
 45644 | Orc:2    | Found Seuphiaz's Armour Shop.
 45683 | Orc:2    | Bought a potion of curing for 30 gold pieces
 45683 | Orc:2    | Bought a potion of heal wounds for 50 gold pieces
 45683 | Orc:2    | Bought a potion of curing for 30 gold pieces
 45683 | Orc:2    | Bought a potion of haste for 100 gold pieces
 45683 | Orc:2    | Bought 2 potions of curing for 60 gold pieces
 45683 | Orc:2    | Lost mutation: You have a pair of small horns on your head.
                  | [potion of mutation]
 45683 | Orc:2    | Lost mutation: Your mind is acute. (Int +2) [potion of
                  | mutation]
 45683 | Orc:2    | Gained mutation: You have large cloven feet. [potion of
                  | mutation]
 45683 | Orc:2    | Gained mutation: You can roll at foes to attack. [potion of
                  | mutation]
 45683 | Orc:2    | Gained mutation: You occasionally shout uncontrollably at
                  | your foes. [potion of mutation]
 45683 | Orc:2    | Gained mutation: Your system is resistant to poisons.
                  | (rPois) [potion of mutation]
 45689 | Orc:2    | Identified the +0 helmet of Bialeigg {Str+3 Int+2} (You
                  | found it on level 6 of the Lair of Beasts)
 46197 | Orc:2    | Bought a scroll of teleportation for 51 gold pieces
 46197 | Orc:2    | Bought a scroll of fear for 59 gold pieces
 46197 | Orc:2    | Bought a scroll of teleportation for 51 gold pieces
 46197 | Orc:2    | Bought a scroll of fear for 59 gold pieces
 46337 | D:13     | Found Cuecyev's General Store.
 46406 | D:13     | Found Panuocvi's Armour Shoppe.
 46551 | D:13     | Found Onixki's Book Shop.
 46682 | D:13     | Found Hierhon's Assorted Antiques.
 47063 | D:14     | Offered knowledge of Iron Shot by Vehumet.
 47353 | D:14     | Got a smoking scimitar
 47354 | D:14     | Identified the +9 scimitar of a Labyrinth {venom, MP-9
                  | Int+6} (You found it on level 14 of the Dungeon)
 47463 | D:14     | Reached ****** piety under Vehumet
 47537 | D:14     | Reached XP level 16. HP: 147/147 MP: 29/31
 47666 | D:14     | Found a blossoming altar of Fedhas.
 47845 | D:14     | Found a gate to the Vaults.
 47885 | D:15     | Entered Level 15 of the Dungeon
 47900 | D:15     | Found a staircase to the Depths.
 47972 | Depths:1 | Entered Level 1 of the Depths
 48216 | D:15     | Reached skill level 12 in Spellcasting
 48514 | D:15     | Got a transparent hand axe {!f =f}
 48517 | D:15     | Got a fine hand axe {!f =f}
 48535 | D:15     | Identified the +7 hand axe "Ultimatum" {vorpal, Str-4
                  | Dex+9, !f =f} (You found it on level 15 of the Dungeon)
 48537 | D:15     | Identified the +8 hand axe of Bosee {venom, rElec rF++, !f
                  | =f} (You found it on level 15 of the Dungeon)
 49052 | Snake:1  | Entered Level 1 of the Snake Pit
 49077 | Snake:1  | Found a radiant altar of Vehumet.
 49092 | Snake:1  | Noticed Agnes
 49104 | Snake:1  | Slain by Agnes

Illustrated notes

Levels and vault maps discovered:
D:1:      psy_arrival_statuary, layout_loops_ring, palyth_stone_intersect,
          serial_bayou_pond_b
D:2:      layout_basic, tgw_xom, grunt_dithmenos_smoke_and_mirrors,
          kennysheep_slug_shrine, chequers_decorated_corner, uniq_jessica
D:3:      layout_basic, nicolae_overflow_hidden_temple, old_standard_altar,
          nemelex_dance_club_becter, uniq_natasha
D:4:      layout_basic, grunt_gozag_breadcrumbs
D:5:      layout_rooms, kennysheep_little_box, old_standard_altar,
          minmay_temple_entry_from_below_b, kennysheep_generic_room_9,
          uniq_menkaure, uniq_duvessa, uniq_blork_the_orc
D:6:      layout_rooms, serial_glass, glass_columns_b, glass_columns_a,
          glass_columns_c, glass_columns_a, glass_columns_b, glass_columns_a,
          chei_slow_surprise
D:7:      layout_basic, kennysheep_mini, grunt_qazlal_sundering
D:8:      layout_basic, minmay_lair_entry_grove, uniq_pikel
D:9:      minmay_chopped_fan, layout_basic, makhleb_grotto_becter, basic_altar
D:10:     layout_stronghold
D:11:     layout_loops_ring, roderic_serpentine_path, uniq_erolcha, uniq_erica,
          uniq_harold
D:12:     minmay_cut_squares, layout_loops_ring, hiddenorc1_lemuel,
          enter_bailey_6, drop_trap, uniq_psyche
D:13:     layout_rooms, serial_shops, shop, shop,
          nicolae_shop_temple_entry_statues_fountains, shop, ice2_lemuel
D:14:     layout_roguey, david_vaults_4, fedhas_altar_fruit_tree
D:15:     grunt_enter_depths_giant_problem, layout_irregular_city,
          small_statue_intersection, chequers_jeans, evilmike_butchery
Temple:   minmay_temple_curvy_loop
Lair:1:   beast_lair_carwin_large_2, layout_layer_cave
Lair:2:   layout_long_grid, minmay_swamp_entry_worms, beast_lair_carwin_3,
          minmay_lair_oklob_chamber, grunt_megastairs_3
Lair:3:   layout_roguey, minmay_snake_entry_guardpost_small,
          portal_ice_cave_entry_ice_beasts, cheibrodos_lair_lostbears,
          uniq_sonja
Lair:4:   layout_small_grid, lemuel_fruit_fields
Lair:5:   layout_roguey, slime_altar_1, minmay_hedge_maze, serial_bayou_shore_b,
          uniq_urug
Lair:6:   guppyfry_lair_end_dragon, layout_gridlike,
          hangedman_lair_caniforms_friends, chequers_serial_rivers_room_b,
          st_stairs_6, chequers_serial_rivers_small_b, minivault_26, uniq_kirke,
          uniq_josephine
Swamp:1:  layout_falls_marsh, evilmike_swamp_ruin_house_2, swamp_pool3
Snake:1:  nicolae_snake_nest, layout_onion_interference, basic_altar,
          uniq_aizul, uniq_agnes
Orc:1:    layout_caves, serial_shops, nicolae_shop_waterfront,
          statue_in_the_mist_lemuel
Orc:2:    st_orc_open, layout_diamond_mine, serial_shops, shop, uniq_rupert
Depths:1: layout_gridville, abyss_entry, hellmouth_2,
          minmay_misc_feat_more_columns, serial_shops, nicolae_shop_stone,
          infiniplex_enter_wizlab_glasses, hangedman_abyss_or_decor_lesser_grid,
          grunt_ministairs_8, grunt_tower_of_power, serial_bayou_shore_a

Skill      XL: |  1  2  3  4  5  6  7  8  9 10 11 12 13 14 15 16 |
---------------+-------------------------------------------------+-----
Dodging        | 2 3 4 |  4.0
Crossbows      | 2 3 4 |  4.0
Stealth        | 1 2 4 5 |  5.1
Armour         | 1 2 3 4 |  4.0
Fighting       | 2 3 9 10 11 | 11.4
Spellcasting   | 2 3 7 9 10 11 12 | 12.2
Shields        | 1 2 4 5 6 7 |  7.1
Short Blades   | 1 2 |  2.0
Conjurations   | 1 4 7 8 9 10 11 | 11.0
Evocations     | 4 5 |  5.0
Earth Magic    | 2 3 |  3.0
Long Blades    | 2 4 6 |  6.0
Ice Magic      | 2 4 7 |  7.0
Air Magic      | 2 4 7 |  7.0
Poison Magic   | 2 4 |  4.2
Translocations | 4 |  4.0
Fire Magic     | 3 |  3.9
Hexes          | |  3.0

Action                   |  1- 3 |  4- 6 |  7- 9 | 10-12 | 13-15 | 16-18 || total
-------------------------+-------+-------+-------+-------+-------+-------++-------
Melee: Rapier            |    16 |    13 |       |     1 |       |       ||    30
       Tailslap          |     2 |    21 |    21 |   128 |   118 |     1 ||   291
       Dagger            |       |   152 |   120 |   480 |   188 |       ||   940
       Mace              |       |       |     3 |    94 |       |       ||    97
       Long sword        |       |       |       |   283 |   106 |       ||   389
       Headbutt          |       |       |       |    49 |   128 |       ||   177
       War axe           |       |       |       |    10 |    16 |       ||    26
       Double sword      |       |       |       |       |   262 |    22 ||   284
       Trident           |       |       |       |       |     1 |       ||     1
       Kick              |       |       |       |       |    23 |    12 ||    35
       Scimitar          |       |       |       |       |     1 |       ||     1
       Hand crossbow     |       |       |       |       |     1 |       ||     1
 Fire: Hand crossbow     |    76 |     9 |     2 |    68 |   431 |    10 ||   596
Throw: Throwing net      |       |       |     1 |       |       |       ||     1
       Dart              |       |       |       |   160 |     3 |       ||   163
       Javelin           |       |       |       |       |     4 |       ||     4
 Cast: Stone Arrow       |       |       |       |     7 |     7 |       ||    14
       Mephitic Cloud    |       |       |       |    39 |   151 |       ||   190
       Olgreb's Toxic Ra |       |       |       |     6 |    51 |       ||    57
       Conjure Flame     |       |       |       |       |    57 |     2 ||    59
       Fireball          |       |       |       |       |    66 |    13 ||    79
       Sticky Flame      |       |       |       |       |    62 |    11 ||    73
       Freezing Cloud    |       |       |       |       |    51 |    15 ||    66
 Abil: Evoke Flight      |       |       |       |       |     2 |     2 ||     4
       Stop Flying       |       |       |       |       |     2 |     1 ||     3
Evoke: Wand              |       |       |       |    29 |     7 |     1 ||    37
  Use: Scroll            |       |       |     8 |    25 |    24 |       ||    57
       Potion            |       |       |     3 |    10 |    11 |     1 ||    25
 Stab: Sleeping          |       |       |     2 |     8 |     1 |       ||    11
       Confused          |       |       |       |     9 |    23 |       ||    32
       Invisible         |       |       |       |     1 |     3 |       ||     4
Armor: Robe              |    20 |    21 |       |       |       |       ||    41
       Leather armour    |       |    19 |    26 |   239 |   181 |       ||   465
       Troll leather arm |       |       |       |       |    39 |    28 ||    67
Dodge: Dodged            |    44 |    70 |    66 |   454 |   413 |    24 ||  1071
Block: Buckler           |       |       |       |   160 |   191 |    11 ||   362
       Rpst.: Long sword |       |       |       |    41 |    21 |       ||    62
       Double sword      |       |       |       |       |    44 |     4 ||    48
       Scimitar          |       |       |       |       |     1 |       ||     1

Table legend: (Time is in decaauts)
 A = Elapsed time spent in this place.
 B = Non-inter-level travel time spent in this place.
 C = Inter-level travel time spent in this place.
 D = Time resting spent in this place.
 E = Time spent auto-exploring this place.
 F = Levels seen in this place.
 G = Mean time per level.
                   A        B        C        D        E       F      G
               +--------+--------+--------+--------+--------+-----+--------+
         Total |  49494 |  44976 |   4518 |  20031 |   5180 |  28 | 1767.6 |
       Dungeon |  26776 |  23908 |   2868 |   9103 |   4637 |  15 | 1785.1 |
        Temple |    212 |    160 |     52 |      0 |     93 |   1 |  212.0 |
          Lair |  18238 |  16834 |   1404 |   8947 |    450 |   6 | 3039.7 |
         Swamp |      1 |      1 |      0 |      0 |      0 |   1 |    1.0 |
     Snake Pit |     51 |     51 |      0 |      0 |      0 |   1 |   51.0 |
  Orcish Mines |   2768 |   2575 |    193 |   1081 |      0 |   2 | 1384.0 |
        Depths |      1 |      1 |      0 |      0 |      0 |   1 |    1.0 |
        Bailey |   1444 |   1444 |      0 |    899 |      0 |   1 | 1444.0 |
               +--------+--------+--------+--------+--------+-----+--------+

Top non-repeatable levels by time:
  Lair:6: 4088 daAuts
  Lair:1: 3314 daAuts
  Lair:4: 3220 daAuts
     D:8: 3063 daAuts
  Lair:5: 2968 daAuts
     D:7: 2463 daAuts
    D:10: 2447 daAuts
  Lair:2: 2433 daAuts
    D:12: 2356 daAuts
     D:9: 2348 daAuts
    D:11: 2257 daAuts
  Lair:3: 2211 daAuts
     D:3: 2131 daAuts
   Orc:2: 2089 daAuts
     D:5: 1823 daAuts
